 Dungeon Crawl Stone Soup version 0.22-a0-538-g76cc104 (webtiles) character file.

1 iamserjio the Charmwright (level 1, -1/11 HPs)
             Began as a Vine Stalker Skald on June 23, 2018.
             Slain by a rat (2 damage)
             ... on level 1 of the Dungeon.
             The game lasted 00:00:16 (29 turns).

iamserjio the Charmwright (Vine Stalker Skald)        Turns: 29, Time: 00:00:17

Health: -1/11      AC:  3    Str: 13    XL:     1   Next: 20%
Magic:  0/4        EV: 11    Int: 13    God:
Gold:   7          SH:  0    Dex: 13    Spells: 3/4 levels left

rFire    . . .     SeeInvis .   a - +0 spear
rCold    . . .     Gourm    .   (no shield)
rNeg     . . .     Faith    .   b - +0 leather armour
rPois    .         Spirit   +   (no helmet)
rElec    .         Reflect  .   (no cloak)
rCorr    .         Harm     .   (no gloves)
MR       .....                  (no boots)
Stlth    +.........             (no amulet)
HPRegen  0.03/turn              (no ring)
MPRegen  0.09/turn              (no ring)

@: infused (expiring), very slightly contaminated
A: fangs 2, magic shield, antimagic bite, no potion heal 3, rot immunity
a: no special abilities


You were on level 1 of the Dungeon.
You were not hungry.

You visited 1 branch of the dungeon, and saw 1 of its levels.

You collected 7 gold pieces.

Inventory:

Hand Weapons
 a - a +0 spear (weapon)
Armour
 b - a +0 leather armour (worn)
Potions
 c - a potion of haste {unknown}
Comestibles
 d - a ration


   Skills:
 + Level 1.7 Fighting
 + Level 1.7 Polearms
 + Level 0.8 Armour
 + Level 1.5 Dodging
 + Level 2.2 Spellcasting
 + Level 3.0 Charms


You had 3 spell levels left.
You knew the following spells:

 Your Spells              Type           Power        Failure   Level  Hunger
a - Infusion              Chrm           #...         10%         1    ##.....

Your spell library contained the following spells:

 Spells                   Type           Power        Failure   Level  Hunger
 Regeneration             Chrm/Necr      #.........   45%         3    ####...
 Shroud of Golubria       Chrm/Tloc      #.........   26%         2    ###....
 Song of Slaying          Chrm           #.......     14%         2    ###....
 Spectral Weapon          Hex/Chrm       #.......     45%         3    ####...


Dungeon Overview and Level Annotations

Branches:
Dungeon (1/15)

Altars:


Innate Abilities, Weirdness & Mutations

You have extremely sharp teeth.
When hurt, damage is shared between your health and your magic reserves.
Your bite disrupts and absorbs the magic of your enemies.
Potions cannot restore your health.
You are immune to rotting.


Message History

You begin infusing your attacks with magical energy.
You hit the hobgoblin.
The hobgoblin is almost dead.
The hobgoblin hits you with a club.
You hit the hobgoblin.
You kill the hobgoblin!
The goblin hits you with a dagger.
Your magical infusion is running out.
The rat bites you but does no damage. The goblin hits you with a dagger.
You barely miss the goblin. Your bite misses the goblin.
The rat bites you but does no damage. x2; The goblin barely misses you.
You closely miss the goblin. Your bite misses the goblin. The rat bites you.
* * * LOW HITPOINT WARNING * * *
The rat bites you.
* * * LOW HITPOINT WARNING * * *
The goblin closely misses you.
You hit the goblin. Your bite misses the goblin.
The goblin is severely wounded.
The rat bites you.
You die...

#### #... ...###
#'#.##
####....###
#+##.....#...#
#.......##...##
.....#'####g@..#
...# #....#rr..#
## #...<#....#
######...>#
#....?.....#
....g.....##
##........#
#..........
#..........#


You could see a goblin and 2 rats.

Vanquished Creatures
  A hobgoblin (D:1)
1 creature vanquished.

Notes
Turn   | Place    | Note
-------+----------+-------------------------------------------
     0 | D:1      | iamserjio the Vine Stalker Skald began the quest for the Orb.
     0 | D:1      | Reached XP level 1. HP: 11/11 MP: 4/4
    29 | D:1      | Slain by a rat

Vault maps used:
D:1:      dpeg_arrival_short_road, lemuel_old_faithful

Action                   || total
-------------------------++-------
Melee: Spear             ||     5
 Cast: Infusion          ||     1
Armor: Leather armour    ||     3
Dodge: Dodged            ||     2

Table legend:
 A = Spawn XP
 B = Non-spawn XP
 C = Spawn XP percentage of total XP
 D = Spawn monster count
 E = Non-spawn monster count
 F = Spawn count percentage of total count
 G = Total turns spent on level
                    A         B        C        D         E        F      G
               +---------+---------+-------+---------+---------+-------+---------
         Total |       0 |       2 |   0.0 |       0 |       1 |   0.0 |    29
               +---------+---------+-------+---------+---------+-------+---------
           D:1 |       0 |       2 |   0.0 |       0 |       1 |   0.0 |    29
               +---------+---------+-------+---------+---------+-------+---------
